 Dungeon Crawl Stone Soup version 0.32-a0-675-gdc239d62e1 (webtiles) character file.

Game seed: 2504213307448175129

8232 Aldia the Cruncher (level 11, -5/84 HPs)
             Began as a Formicid Fighter on Mar 11, 2024.
             Was an Elder of Nemelex Xobeh.
             Killed from afar by a gargoyle (10 damage)
             ... with a stone arrow
             ... on level 11 of the Dungeon.
             The game lasted 00:16:58 (9920 turns).

Aldia the Cruncher (Formicid Fighter)               Turns: 9920, Time: 00:16:59

Health: -5/84      AC: 20    Str: 24    XL:     11   Next: 52%
Magic:  17/17      EV:  9    Int:  7    God:    Nemelex Xobeh [****..]
Gold:   680        SH: 11    Dex: 23    Spells: 10/10 levels left

rFire   + + +        s - +2 halberd (freeze)
rCold   . . .        c - +0 buckler
rNeg    . . .        E - +2 plate armour {rF+}
rPois   +            (helmet unavailable)
rElec   .            w - +2 cloak {Will+}
rCorr   .            g - +0 pair of gloves
SInv    +            (no boots)
Will    ++...        G - amulet of reflection Stlth
                     o - +6 ring of dexterity
HPRegen 0.34/turn    e - ring "Gefucun" {rPois rF++ Str+2}
MPRegen 0.15/turn

%: reflection
@: no status effects
A: permanent stasis, dig shafts and tunnels, antennae 3, four strong arms
a: Dig, Shaft Self, Renounce Religion, Draw Escape, Draw Destruction, Draw
Summoning, Triple Draw, Deal Four


You were on level 11 of the Dungeon.
You worshipped Nemelex Xobeh.
Nemelex Xobeh was greatly pleased with you.
You visited 2 branches of the dungeon, and saw 12 of its levels.

You collected 680 gold pieces.

Inventory:

Hand Weapons
 a - a +0 quarterstaff of protection
 s - a +2 halberd of freezing (weapon)
Missiles
 C - 3 throwing nets
Armour
 c - a +0 buckler (worn)
 g - a +0 pair of gloves (worn)
 w - a +2 cloak of willpower (worn)
 E - a +2 plate armour of fire resistance (worn)
Jewellery
 e - the ring "Gefucun" (right hand) {rPois rF++ Str+2}
   (You acquired it on level 2 of the Dungeon)

   [ring of poison resistance]

   Str+2:     It affects your strength (+2).
   rF++:      It greatly protects you from fire.
   rPois:     It protects you from poison.
 o - a +6 ring of dexterity (left hand)
 t - a ring of positive energy
 u - a ring of resist corrosion
 G - an amulet of reflection (around neck)
 H - a ring of ice
Wands
 q - a wand of charming (9)
 x - a wand of flame (28)
 y - a wand of quicksilver (12)
 J - a wand of iceblast (7)
Scrolls
 b - 2 scrolls of vulnerability {unknown}
 f - 2 scrolls of revelation
 i - a scroll of butterflies
 j - a scroll of fog
 m - 2 scrolls of fear
 p - 2 scrolls of poison
 r - a scroll of brand weapon
 A - a scroll of amnesia {unknown}
 D - 2 scrolls of immolation
 F - a scroll of enchant weapon {unknown}
Potions
 d - 2 potions of mutation
 h - 4 potions of curing
 k - 2 potions of ambrosia
 l - 4 potions of enlightenment
 n - a potion of cancellation
 v - 3 potions of heal wounds
 z - a potion of attraction
 B - 3 potions of brilliance
 I - 2 potions of haste {unknown}
 K - a potion of lignification {unknown}


   Skills:
 + Level 7.4 Fighting
 * Level 6.7(9.1) Polearms
 - Level 9.5(10.4) Staves
 + Level 7.5 Armour
 - Level 4.0 Dodging
 - Level 4.0 Shields
 + Level 8.1 Invocations
 - Level 5.0 Evocations


You had 10 spell levels left.
You didn't know any spells.
Your spell library contained the following spells:

 Spells                   Type           Power      Damage    Failure   Level
 Freeze                   Ice            0%         1d3       100%        1
 Sting                    Conj/Alch      0%         1d3       100%        1
 Ensorcelled Hibernation  Hex/Ice        0%         N/A       100%        2
 Mercury Vapours          Alch/Air       0%         N/A       100%        2
 Frozen Ramparts          Ice            0%         1d1       100%        3
 Hailstorm                Conj/Ice       0%         3d5       100%        3
 Passwall                 Erth           0%         N/A       100%        3
 Summon Ice Beast         Ice/Summ       0%         N/A       100%        3
 Animate Dead             Necr           0%         N/A       100%        4
 Olgreb's Toxic Radiance  Alch           0%         N/A       100%        4
 Borgnjor's Vile Clutch   Necr/Erth      0%         N/A       100%        5
 Death Channel            Necr           0%         N/A       100%        6
 Sculpt Simulacrum        Ice/Alch       0%         N/A       100%        6
 Swiftness                Air            Unusable   N/A       N/A         3

Dungeon Overview and Level Annotations

Branches:
Dungeon (11/15)            Temple (1/1) D:5            Lair (0/5) D:9
    Orc (0/2) D:11

Altars:
Ashenzari
Cheibriados
Dithmenos
Elyvilon
Fedhas
Gozag
Hepliaklqana
Kikubaaqudgha
Makhleb
Nemelex Xobeh
Okawaru
Qazlal
Ru
Sif Muna
Trog
Uskayaw
Vehumet
Wu Jian
Xom
Yredelemnul
Zin
The Shining One

Shops:
D:7 **


Innate Abilities, Weirdness & Mutations

You cannot be hasted, slowed, berserked, paralysed or teleported.
You can dig through walls and to a lower floor.
You have a pair of large antennae on your head. (SInv)
Your four strong arms can wield two-handed weapons with a shield.


Message History

You slash the shadow!
The shadow is heavily damaged.
The shadow closely misses you.
You puncture the shadow!
The shadow is almost destroyed.
You block the shadow's attack.
You closely miss the shadow.
The shadow is almost destroyed.
The shadow barely misses you.
You puncture the shadow!
You destroy the shadow!
No target in view!
No target in view!
You sense a monster nearby.
A gargoyle comes into view. It is wielding a +0 morningstar.
A gargoyle is nearby!
A cyclops comes into view.
The cyclops shouts!
There is an open door here.
You reach to attack!
You slash the gargoyle! You freeze the gargoyle.
The gargoyle is moderately damaged.
The cyclops throws a large rock.
The large rock hits you!!
You barely miss the gargoyle.
The gargoyle is moderately damaged.
The gargoyle hurls a stone arrow at you.
The stone arrow hits you!!
The cyclops throws a large rock.
The large rock hits you!!
* * * LOW HITPOINT WARNING * * *
You are too injured to fight recklessly!
You are too injured to fight recklessly!
Unknown command.
The gargoyle attacks as it pursues you! You block the gargoyle's attack.
Unknown command.
You draw a card...
You have drawn Velocity.
The gargoyle seems to slow down.
The cyclops seems to slow down.
The gargoyle barely misses you.
Unknown command.
The gargoyle hurls a stone arrow at you.
The stone arrow hits you!
You die...
Your body glows slightly and disappears.

#.....#......#).......
#.....#......#........
#######....########...#####
#.....#......#........#
#.....#......'........# .
#.....#......#........# ..
#.....#......#........# ..
#....##....#######....###'#
#.........@#.....#.........
#..........#.....#.........
#..........9.....#.........
#..........#.....#.........
#......)...#C....#......(..
#..........#.....#.........
#....#######.....#.........
#..... ######..#......
#.... ....#......


You could see a cyclops (slow) and a gargoyle (slow).

Vanquished Creatures
  Maurice (D:7)
  Joseph (D:7)
  A polar bear (D:9)
  A hornet (D:7)
  A shadow (D:11)
  A vampire (D:11)
  A wyvern (D:10)
  A wraith (D:8)
  5 yaks (D:11)
  A steam dragon (D:10)
  2 vampire mosquitoes (D:11)
  5 orc warriors
  3 sky beasts
  2 black bears
  5 ice beasts
  2 ogres
  A wolf (D:9)
  4 centaurs
  3 kobold brigands
  3 bullfrogs
  2 gnoll sergeants
  A scorpion (D:7)
  12 wights
  14 killer bees
  An electric eel (D:8)
  A bombardier beetle (D:4)
  2 gnoll boudas
  2 hounds
  A jelly (D:4)
  2 orc priests
  2 sleepcaps
  3 iguanas
  9 orc wizards
  Natasha (thrice) (D:4)
  Ijyb (D:5)
  20 gnolls
  6 adders
  A shadow imp (D:6)
  4 white imps
  2 ufetubi (D:5)
  4 dart slugs (D:4)
  2 ribbon worms (D:3)
  37 orcs
  10 endoplasms
  3 giant cockroaches
  6 goblins
  3 hobgoblins
  7 jackals
  7 quokkas
  9 ball pythons
  7 bats
  4 frilled lizards
  15 kobolds
  8 rats
255 creatures vanquished.

Vanquished Creatures (collateral kills)
  Maggie (D:9)
  A rime drake (D:9)
  An orc wizard (D:9)
3 creatures vanquished.

Grand Total: 258 creatures vanquished

Notes
Turn   | Place    | Note
-------+----------+-------------------------------------------
     0 | D:1      | Aldia the Formicid Fighter began the quest for the Orb.
     0 | D:1      | Reached XP level 1. HP: 18/18 MP: 1/1
   128 | D:1      | Reached XP level 2. HP: 19/24 MP: 2/2
   335 | D:1      | Reached XP level 3. HP: 25/29 MP: 3/3
   771 | D:2      | Reached skill level 3 in Staves
   852 | D:2      | Reached XP level 4. HP: 37/37 MP: 4/4
  1032 | D:2      | Identified a scroll of acquirement
  1033 | D:2      | Acquired the ring "Gefucun" {rPois rF++ Str+2}
  1423 | D:3      | Identified the +1 robe of the Villain {rC- Will+ Str+3}
  1513 | D:3      | Reached XP level 5. HP: 19/42 MP: 5/5
  1916 | D:4      | Noticed a centaur
  1925 | D:4      | Killed a centaur
  1926 | D:4      | Reached skill level 4 in Staves
  1926 | D:4      | Reached XP level 6. HP: 48/49 MP: 6/6
  1993 | D:4      | Found a shadowy altar of Dithmenos.
  2096 | D:4      | Noticed an ogre
  2105 | D:4      | Killed an ogre
  2164 | D:4      | Noticed Natasha
  2170 | D:4      | Killed Natasha
  2171 | D:4      | Reached skill level 5 in Staves
  2174 | D:4      | Noticed a sky beast
  2191 | D:4      | Reached XP level 7. HP: 44/55 MP: 7/7
  2245 | D:4      | Reached skill level 5 in Fighting
  2245 | D:4      | Reached skill level 5 in Armour
  2327 | D:4      | Found a burning altar of Makhleb.
  2411 | D:4      | Noticed Natasha
  2424 | D:4      | Killed Natasha
  2481 | D:4      | Noticed Natasha
  2493 | D:4      | Killed Natasha
  2939 | D:5      | Entered Level 5 of the Dungeon
  2986 | D:5      | Reached skill level 6 in Staves
  3010 | D:5      | Reached XP level 8. HP: 21/63 MP: 8/8
  3029 | D:5      | Found a staircase to the Ecumenical Temple.
  3038 | Temple   | Entered the Ecumenical Temple
  3057 | Temple   | Became a worshipper of Nemelex Xobeh the Trickster
  3276 | D:5      | Reached skill level 1 in Invocations
  3337 | D:5      | Noticed Ijyb
  3351 | D:5      | Killed Ijyb
  3479 | D:5      | Reached skill level 7 in Staves
  3996 | D:6      | Reached * piety under Nemelex Xobeh
  4289 | D:6      | Received a gift from Nemelex Xobeh
  4376 | D:6      | Reached XP level 9. HP: 60/71 MP: 9/11
  4598 | D:7      | Noticed Maurice
  4598 | D:7      | Noticed a hornet
  4726 | D:7      | Killed a hornet
  4734 | D:7      | Reached skill level 8 in Staves
  4774 | D:7      | Maurice stole a ring of positive energy
  4780 | D:7      | Maurice stole 135 gold
  4789 | D:7      | Maurice stole a throwing net
  4795 | D:7      | Maurice stole 203 gold
  4824 | D:7      | Killed Maurice
  4828 | D:7      | Found a sacrificial altar of Ru.
  5039 | D:7      | Reached skill level 1 in Evocations
  5093 | D:7      | Reached skill level 1 in Dodging
  5171 | D:7      | Reached ** piety under Nemelex Xobeh
  5246 | D:7      | Found Ynyalib's Gadget Gallery.
  5284 | D:7      | Received a gift from Nemelex Xobeh
  5317 | D:7      | Found Zin's Purification Station.
  5323 | D:7      | Found a glowing silver altar of Zin.
  5576 | D:7      | Noticed Joseph
  5600 | D:7      | Killed Joseph
  5601 | D:7      | Reached skill level 9 in Staves
  5601 | D:7      | Reached skill level 5 in Invocations
  5601 | D:7      | Reached XP level 10. HP: 21/79 MP: 13/13
  6244 | D:8      | Reached skill level 1 in Polearms
  7101 | D:9      | Noticed Maggie
  7107 | D:9      | Killed Maggie
  7123 | D:9      | Noticed a rime drake
  7134 | D:9      | Killed a rime drake
  7139 | D:9      | Received a gift from Nemelex Xobeh
  7157 | D:9      | Found a staircase to the Lair.
  7266 | D:9      | Reached *** piety under Nemelex Xobeh
  7335 | D:9      | Found a shimmering altar of Xom.
  7395 | D:9      | Reached XP level 11. HP: 60/84 MP: 16/16
  7506 | D:9      | Found a blossoming altar of Fedhas.
  7513 | D:9      | Received a gift from Nemelex Xobeh
  7644 | D:9      | Found an iron altar of Okawaru.
  7732 | D:9      | Found a bloodstained altar of Trog.
  7785 | D:9      | Found a glowing golden altar of the Shining One.
  7969 | D:10     | Entered Level 10 of the Dungeon
  8178 | D:10     | Found a burning altar of Makhleb.
  8178 | D:10     | Noticed an Executioner
  8314 | D:10     | Reached skill level 5 in Polearms
  8315 | D:10     | Reached skill level 5 in Evocations
  8406 | D:10     | Received a gift from Nemelex Xobeh
  8557 | D:10     | Reached **** piety under Nemelex Xobeh
  9305 | D:11     | Received a gift from Nemelex Xobeh
  9317 | D:11     | Identified the +5 whip of the Mosquito {vamp, rPois MP+9}
  9638 | D:11     | Found a staircase to the Orcish Mines.
  9915 | D:11     | Noticed a cyclops
  9917 | D:11     | HP: 4/84 [cyclops/large rock (29)]
  9920 | D:11     | Killed from afar by a gargoyle

Illustrated notes

Levels and vault maps discovered:
D:1:      tarquinn_simple_flora_water_b, layout_rooms, kennysheep_flooded_box,
          nrook_campfire, kennysheep_small_spiral
D:2:      layout_rooms, grunt_decor_resistance
D:3:      layout_rooms, minmay_surrounded
D:4:      layout_gridville, nicolae_dithmenos_shadow_blocks,
          minmay_ruined_shrine, uniq_natasha
D:5:      layout_loops_ring, minmay_temple_entry_poolview, st_stairs_1,
          uniq_ijyb
D:6:      layout_loops_ring
D:7:      layout_loops_corners, nicolae_ru_awakened_eye, zin_purify,
          nicolae_shop_gadgets, uniq_joseph, uniq_maurice
D:8:      layout_basic, serial_bayou_ford_a
D:9:      layout_small_grid, kennysheep_little_box,
          mainiacjoe_overflow_alcove_2, xom_teletrap_fun,
          mainiacjoe_overflow_chevrons, lemuel_crystal_altar,
          hellmonk_lair_entry_icy, uniq_maggie
D:10:     layout_grid_maze, makhleb_altar_promises_db
D:11:     layout_grid_maze, david_orc_2
Temple:   hellmonk_temple_forest_ring

Skill      XL: |  1  2  3  4  5  6  7  8  9 10 11 |
---------------+----------------------------------+-----
Staves         | 3 4 5 6 7 9 |  9.5
Fighting       | 4 5 6 7 |  7.4
Armour         | 4 5 6 7 |  7.5
Invocations    | 2 5 6 8 |  8.1
Evocations     | 2 4 5 |  5.0
Dodging        | 1 3 4 |  4.0
Polearms       | 4 6 |  6.7
Shields        | |  4.0

Action                     |  1- 3 |  4- 6 |  7- 9 | 10-12 || total
---------------------------+-------+-------+-------+-------++-------
  Melee: Quarterstaff      |   106 |   111 |   400 |    41 ||   658
         Halberd           |       |       |       |   270 ||   270
 Invoke: Draw Destruction  |       |       |     4 |     5 ||     9
         Draw Summoning    |       |       |       |     1 ||     1
         Draw Escape       |       |       |       |     1 ||     1
  Evoke: Wand              |       |       |       |     3 ||     3
    Use: Scroll            |       |    10 |     7 |     4 ||    21
         Potion            |       |     1 |     4 |       ||     5
   Stab: Distracted        |       |       |       |     1 ||     1
 Armour: Scale mail        |    96 |    72 |   177 |       ||   345
         Chain mail        |       |       |   106 |   102 ||   208
         Plate armour      |       |       |       |   165 ||   165
  Dodge: Dodged            |    55 |    58 |   124 |   126 ||   363
  Block: Buckler           |    26 |    32 |   111 |   213 ||   382
         Reflection        |       |       |       |     7 ||     7

Table legend: (Time is in decaauts)
 A = Elapsed time spent in this place.
 B = Non-inter-level travel time spent in this place.
 C = Inter-level travel time spent in this place.
 D = Time resting spent in this place.
 E = Time spent auto-exploring this place.
 F = Levels seen in this place.
 G = Mean time per level.
                   A        B        C        D        E       F      G
               +--------+--------+--------+--------+--------+-----+--------+
         Total |  10000 |   9707 |    293 |      2 |   7650 |  12 |  833.3 |
       Dungeon |   9962 |   9704 |    258 |      2 |   7650 |  11 |  905.6 |
        Temple |     37 |      2 |     35 |      0 |      0 |   1 |   37.0 |
               +--------+--------+--------+--------+--------+-----+--------+

Top non-repeatable levels by time:
    D:10: 1343 daAuts
     D:8: 1335 daAuts
     D:4: 1135 daAuts
     D:7: 1131 daAuts
     D:9: 884 daAuts
     D:6: 862 daAuts
     D:5: 805 daAuts
     D:1: 752 daAuts
    D:11: 620 daAuts
     D:3: 591 daAuts
     D:2: 500 daAuts
  Temple: 37 daAuts
